 Dungeon Crawl Stone Soup version 0.24-a0-769-g368c1644f8 (webtiles) character file.

Game seed: 14367148204853190932, levelgen mode: deterministic

38158 DavidChitty2 the Severer (level 13, 49/119 HPs)
             Began as a Minotaur Berserker on Oct 6, 2019.
             Was the Champion of Trog.
             Quit the game on level 1 of the Abyss.
             The game lasted 00:24:33 (17874 turns).

DavidChitty2 the Severer (Minotaur Berserker)      Turns: 17874, Time: 00:24:34

Health: 49/119     AC: 24    Str: 26    XL:     13   Next: 62%
Magic:  12/12      EV: 17    Int:  4    God:    Trog [******]
Gold:   1087       SH:  0    Dex: 11    Spells: 12/12 levels left

rFire    . . .     SeeInvis .   a - +0 battleaxe (drain)
rCold    . . .     Gourm    +   (shield currently unavailable)
rNeg     . . .     Faith    .   y - +0 plate armour
rPois    .         Spirit   .   w - +2 hat
rElec    .         Reflect  .   x - +1 cloak {MR+}
rCorr    .         Harm     .   o - +1 pair of gloves
MR       ++...                  B - +0 pair of boots
Stlth    ..........             F - amulet of the gourmand
HPRegen  0.29/turn              j - +4 ring of evasion
MPRegen  0.13/turn              l - ring of protection from magic

@: no status effects
A: retaliatory headbutt, horns 2
a: Berserk, Trog's Hand, Brothers in Arms, Renounce Religion


You were on level 1 of the Abyss.
You worshipped Trog.
Trog was exalted by your worship.
You were very full.

You visited 2 branches of the dungeon, and saw 16 of its levels.
You visited the Abyss 1 time.
You also visited: Gauntlet.

You collected 1087 gold pieces.

Inventory:

Hand Weapons
 a - a +0 battleaxe of draining (weapon)
   (You took it off an orc knight on level 8 of the Dungeon)
 b - a +1 hand axe of flaming
   (You took it off Harold on level 10 of the Dungeon)
Missiles
 C - 3 throwing nets (quivered) {!f}
Armour
 o - a +1 pair of gloves (worn)
   (You found it on level 5 of the Dungeon)
 w - a +2 hat (worn)
   (You acquired it on level 2 of the Lair of Beasts)
 x - a +1 cloak of magic resistance (worn)
   (You found it on level 7 of the Dungeon)
 y - a +0 plate armour (worn)
   (You found it on level 8 of the Dungeon)
 B - a +0 pair of boots (worn)
   (You found it on level 7 of the Dungeon)
Jewellery
 j - a +4 ring of evasion (left hand)
   (You found it on level 1 of the Dungeon)
 l - a ring of protection from magic (right hand)
   (You found it on level 7 of the Dungeon)
 z - an uncursed ring of see invisible
   (You found it in a Gauntlet)
 F - an amulet of the gourmand (around neck)
   (You found it in a Gauntlet)
 G - an uncursed ring of fire
   (You found it on level 10 of the Dungeon)
 J - an uncursed ring of resist corrosion
   (You found it on level 1 of the Lair of Beasts)
Wands
 d - a wand of iceblast (9)
   (You found it on level 2 of the Lair of Beasts)
 t - a wand of flame (44)
   (You found it on level 8 of the Dungeon)
 u - a wand of paralysis (11)
   (You found it on level 10 of the Dungeon)
 v - a wand of digging (10)
   (You found it on level 8 of the Dungeon)
 H - a wand of scattershot (2)
   (You found it on level 1 of the Lair of Beasts)
 I - a wand of enslavement (9)
   (You found it in a Gauntlet)
Scrolls
 f - 9 scrolls of teleportation {@r4}
 g - 2 scrolls of fog
 k - 4 scrolls of fear
 q - 3 scrolls of enchant weapon
 K - 4 scrolls of remove curse {@r2}
 L - a scroll of identify {@r1}
 N - a scroll of magic mapping
 O - a scroll of vulnerability {unknown}
 Q - a scroll of blinking {unknown}
Potions
 c - 7 potions of curing {@q1}
 h - 4 potions of flight
 i - 4 potions of magic
 m - 4 potions of brilliance
 n - 3 potions of might
 p - 2 potions of agility {unknown}
 r - a potion of haste {unknown}
 s - 2 potions of heal wounds {@q2}
 A - a potion of berserk rage
 D - a potion of degeneration {unknown}
 E - 4 potions of mutation {!q}
 M - a potion of lignification {unknown}
Comestibles
 e - 36 rations {!d}


   Skills:
 + Level 12.9 Fighting
 * Level 17.2 Axes
 + Level 12.7 Armour
 + Level 11.8 Dodging


You had 12 spell levels left.
You didn't know any spells.
Your spell library was empty.

Dungeon Overview and Level Annotations

Branches:
Dungeon (11/15)            Temple (0/1) D:4            Lair (5/6) D:9
 Shoals (0/4) Lair:2        Snake (0/4) Lair:4          Orc (0/2) D:9
Gauntlet (visited)
  Slime: Lair:5-6

Altars:
Cheibriados
Dithmenos
Elyvilon
Gozag
Qazlal
Uskayaw
Vehumet
The Shining One
Beogh

Shops:
D:6 *   D:9 =

Annotations:
Lair:2 exclusion: oklob plant
Lair:5 Sonja


Innate Abilities, Weirdness & Mutations

You reflexively headbutt those who attack you in melee.
You have a pair of horns on your head.


Message History

You feel sick. Sonja closely misses you. You furiously retaliate!
You headbutt Sonja! Sonja closely misses you. Sonja completely misses you.
There is an escape hatch in the ceiling here.
You barely miss Sonja. You slice the fungus!! Sonja barely misses you.
Sonja hits you but does no damage.
You are cast into the Abyss!
To return, you must find a gate leading back.
Killing monsters will force the Abyss to allow you passage.
This branch contains the abyssal rune of Zot.
Found a spear.
You start resting.
You feel sick. x4
You feel the effects of Trog's Hand fading.
You feel sick. x2
Your skin stops crawling.
You feel less resistant to hostile enchantments.
You feel sick. x2
You are no longer poisoned.
You start resting.
You recover from your berserk rage.
A small abomination comes into view.
Unknown command.
A small abomination is nearby!
Found a corrupted altar of Lugonu.
The small abomination misses you. You furiously retaliate!
You headbutt the small abomination. The small abomination hits you.
* * * LOW HITPOINT WARNING * * *
You are too injured to fight recklessly!
You are too injured to fight recklessly!
You are too injured to fight recklessly!
You are too injured to fight recklessly!
You slice the small abomination!! You headbutt the small abomination.
You destroy the small abomination!
Trog accepts your kill.
You feel yourself speed up.
A wretched star comes into view.
You closely miss the wretched star. You headbutt the wretched star!
Your plate armour prevents you from hitting the wretched star.
Your headbutt misses the wretched star.
The wretched star glows turbulently.
The orb of energy misses you.
The orb of energy explodes!
You hit the wretched star. You slash the wretched star!
You headbutt the wretched star, but do no damage.
The wretched star glows turbulently.
The orb of energy hits you!
* * * LOW HITPOINT WARNING * * *
You are too injured to fight recklessly!
You are too injured to fight recklessly!
You are too injured to fight recklessly!
You are too injured to fight recklessly!

... ) #.#.# . ....
.. . . .. .
##.....#####...# .
.#....## .. ## #
.. .## #. ..
##...#.# #. .#
##..#.#.# #. .##
.. #... .# #*#..#
..#.....### ###@.#
#_.
......####...#.#
...#......#......#
# .# ... #...###.#
# ##.#...#.# ..#
#........# ..# #..
...#.#. .##
##......# .. .
#......###.


You could see a wretched star.

Vanquished Creatures
  A minotaur (Gauntlet)
  Harold (D:10)
  5 hydras
  2 centaur warriors (D:10)
  2 death yaks (Lair:4)
  A queen ant (Lair:2)
  Pikel (D:5)
  An orc knight (D:8)
  2 merfolk sirens (Lair:2)
  13 elephants
  3 black mambas
  6 spiny frogs
  2 torpor snails
  A minotaur zombie (Gauntlet)
  A komodo dragon (Lair:2)
  3 rime drakes
  2 merfolk (Lair:2)
  2 trolls
  3 meliai (Lair:4)
  A queen bee (Lair:4)
  A raiju (Gauntlet)
  A hornet (D:8)
  4 blink frogs (Lair:4)
  3 hippogriffs
  6 shadows (Gauntlet)
  Sigmund (D:4)
  3 wyverns
  10 yaks
  3 fire bats (D:7)
  A fire elemental (D:7)
  A human (D:9)
  2 steam dragons
  Edmund (D:4)
  22 soldier ants
  3 nagas (Lair:4)
  A hell hound (D:7)
  2 insubstantial wisps (D:7)
  5 water moccasins
  6 orc warriors
  7 porcupines
  A swamp drake (shapeshifter) (D:8)
  4 black bears
  2 sky beasts
  A slave (D:5)
  11 ogres
  3 phantoms
  3 centaurs
  2 wolves (Lair:4)
  5 crocodiles
  6 bullfrogs
  Blork the orc (D:4)
  A gnoll sergeant (D:9)
  A small abomination (Abyss:1)
  A wyvern skeleton (D:9)
  A scorpion (D:11)
  33 killer bees
  A howler monkey (D:9)
  4 electric eels
  5 crimson imps
  7 hounds
  4 jellies
  10 orc wizards
  4 bullfrog skeletons
  A centaur skeleton (D:11)
  12 orc priests
  Jessica (D:2)
  4 iguanas
  25 worker ants
  A hound zombie (D:8)
  11 gnolls
  14 adders
  A howler monkey skeleton (D:6)
  2 shadow imps (D:5)
  2 adder zombies
  4 worms
  2 dart slugs
  7 leopard geckos
  57 orcs
  4 ball pythons
  3 bats
  5 giant cockroaches
  6 goblins
  5 hobgoblins
  9 jackals
  2 quokkas
  5 frilled lizards
  2 jackal skeletons
  9 kobolds
  7 rats
  4 fungi
  4 plants
456 creatures vanquished.

Vanquished Creatures (others)
  2 sky beasts (D:7)
  A wolf (Lair:4)
  A hound (D:5)
  A killer bee zombie (D:5)
  A shadow imp (D:5)
  3 fungi (Lair:4)
  2 plants
11 creatures vanquished.

Grand Total: 467 creatures vanquished

Notes
Turn   | Place    | Note
-------+----------+-------------------------------------------
     0 | D:1      | DavidChitty2 the Minotaur Berserker began the quest for the
                  | Orb.
     0 | D:1      | Reached XP level 1. HP: 19/19 MP: 0/0
   107 | D:1      | Reached XP level 2. HP: 19/27 MP: 1/1
   217 | D:1      | Reached skill level 4 in Axes
   755 | D:2      | Reached XP level 3. HP: 33/33 MP: 2/2
   876 | D:2      | Reached ** piety under Trog
  1110 | D:2      | Reached XP level 4. HP: 30/40 MP: 3/3
  1444 | D:2      | Noticed Jessica
  1449 | D:2      | Killed Jessica
  1449 | D:2      | Reached skill level 5 in Axes
  1857 | D:3      | Found a snail-covered altar of Cheibriados.
  1862 | D:3      | Reached XP level 5. HP: 40/47 MP: 4/4
  2034 | D:3      | Found a glowing golden altar of the Shining One.
  2060 | D:3      | Found a stormy altar of Qazlal.
  3122 | D:4      | Noticed Blork the orc
  3128 | D:4      | Killed Blork the orc
  3128 | D:4      | Reached skill level 6 in Axes
  3128 | D:4      | Reached XP level 6. HP: 55/55 MP: 5/5
  3277 | D:4      | Reached skill level 5 in Fighting
  3481 | D:4      | Reached *** piety under Trog
  3658 | D:4      | Found a staircase to the Ecumenical Temple.
  3707 | D:4      | Noticed Sigmund
  3714 | D:4      | Killed Sigmund
  3714 | D:4      | Reached skill level 7 in Axes
  3714 | D:4      | Reached XP level 7. HP: 61/61 MP: 6/6
  3751 | D:4      | Noticed Edmund
  3760 | D:4      | Killed Edmund
  4084 | D:5      | Entered Level 5 of the Dungeon
  4088 | D:5      | Reached skill level 5 in Armour
  4116 | D:5      | Received a gift from Trog
  4145 | D:5      | Found a white marble altar of Elyvilon.
  4188 | D:5      | Noticed Pikel
  4203 | D:5      | Killed Pikel
  4203 | D:5      | Reached skill level 8 in Axes
  4203 | D:5      | Reached skill level 5 in Dodging
  4203 | D:5      | Reached XP level 8. HP: 49/71 MP: 7/7
  4990 | D:6      | Reached skill level 9 in Axes
  5015 | D:6      | Found Ligoraa's General Store.
  5621 | D:7      | Reached XP level 9. HP: 37/79 MP: 8/8
  5637 | D:7      | Reached skill level 10 in Axes
  6112 | D:7      | Found a transporter.
  6268 | D:7      | Found a transporter.
  6714 | D:7      | Reached skill level 11 in Axes
  7267 | D:8      | Reached **** piety under Trog
  7425 | D:8      | Reached XP level 10. HP: 90/90 MP: 9/9
  7660 | D:8      | Found a large runed translucent door.
  7672 | D:8      | Found a large runed translucent door.
  7688 | D:8      | Noticed an orc knight
  7929 | D:8      | Found a shadowy altar of Dithmenos.
  8051 | D:8      | Paralysed by a hornet for 1 turns
  8055 | D:8      | Reached skill level 12 in Axes
  8386 | D:8      | Found an opulent altar of Gozag.
  8601 | D:8      | Killed an orc knight
  8738 | D:8      | Found a white marble altar of Elyvilon.
  8742 | D:8      | Found a radiant altar of Vehumet.
  8911 | D:9      | Found a staircase to the Orcish Mines.
  9064 | D:9      | Found Weorphal's Jewellery Boutique.
  9065 | D:9      | Found a staircase to the Lair.
  9104 | D:9      | Found a hide-covered altar of Uskayaw.
  9356 | D:9      | Reached XP level 11. HP: 69/99 MP: 10/10
  9359 | D:9      | Reached skill level 13 in Axes
  9751 | D:10     | Entered Level 10 of the Dungeon
  9904 | D:10     | Noticed Harold
  9917 | D:10     | Killed Harold
  9917 | D:10     | Reached skill level 10 in Fighting
 10064 | D:10     | Noticed a centaur warrior
 10078 | D:10     | Killed a centaur warrior
 10299 | D:10     | Reached ***** piety under Trog
 10469 | D:10     | Noticed a centaur warrior
 10475 | D:10     | Killed a centaur warrior
 10475 | D:10     | Reached skill level 10 in Armour
 11066 | D:11     | Found a gate leading to a gauntlet.
 11076 | Gauntlet | Entered a Gauntlet
 11076 | Gauntlet | Found a transporter.
 11076 | Gauntlet | Found a transporter.
 11084 | Gauntlet | Found a transporter.
 11084 | Gauntlet | Noticed a tengu warrior
 11088 | Gauntlet | Found a transporter.
 11096 | Gauntlet | Found a transporter.
 11100 | Gauntlet | Found a transporter.
 11107 | Gauntlet | Noticed a reaper
 11113 | Gauntlet | Found a transporter.
 11124 | Gauntlet | Found a transporter.
 11139 | Gauntlet | Found a transporter.
 11142 | Gauntlet | Found a transporter.
 11150 | Gauntlet | Found a transporter.
 11154 | Gauntlet | Found a transporter.
 11475 | Gauntlet | Reached skill level 14 in Axes
 11718 | Gauntlet | Got an ancient falchion
 11766 | Gauntlet | Noticed a minotaur
 11778 | Gauntlet | Killed a minotaur
 12146 | D:11     | Found a roughly hewn altar of Beogh.
 12157 | D:11     | Reached XP level 12. HP: 110/110 MP: 11/11
 12163 | D:11     | Reached skill level 10 in Dodging
 12531 | Lair:1   | Entered Level 1 of the Lair of Beasts
 12606 | D:10     | Identified the +2 falchion "Nedwin" {holy, +Fly MR+ Str+2
                  | Dex+4} (You found it in a Gauntlet)
 13323 | Lair:2   | Reached skill level 15 in Axes
 13398 | Lair:2   | Found a staircase to the Shoals.
 14615 | Lair:2   | Noticed a queen ant
 14627 | Lair:2   | Killed a queen ant
 15134 | Lair:2   | Identified a scroll of acquirement
 15373 | Lair:2   | Noticed a seven-headed hydra
 15380 | Lair:2   | Killed a two-headed hydra
 15380 | Lair:2   | Reached skill level 16 in Axes
 15541 | Lair:3   | Noticed a seven-headed hydra
 15543 | Lair:3   | Reached ****** piety under Trog
 15553 | Lair:3   | Killed a two-headed hydra
 16280 | Lair:4   | Noticed a four-headed hydra
 16286 | Lair:4   | Killed a one-headed hydra
 16286 | Lair:4   | Reached XP level 13. HP: 118/118 MP: 12/12
 16454 | Lair:4   | Received a gift from Trog
 16500 | Lair:4   | Found a staircase to the Snake Pit.
 17291 | Lair:4   | Reached skill level 17 in Axes
 17798 | Lair:5   | Noticed Sonja
 17817 | Lair:5   | Cast into level 1 of the Abyss (Sonja)
 17817 | D:15     | Entered Level 15 of the Dungeon
 17851 | Abyss:1  | Found a corrupted altar of Lugonu.
 17874 | Abyss:1  | Quit the game

Levels and vault maps discovered:
D:1:      minmay_arrival_four_loops, layout_basic
D:2:      minmay_kobold_bridge, layout_loops_ring, uniq_jessica
D:3:      layout_loops_ring, grunt_temple_overflow_open, minivault_23,
          patterned_corridor
D:4:      layout_loops_ring, minmay_temple_entry_hall, first_ration,
          uniq_sigmund, uniq_blork_the_orc, uniq_edmund
D:5:      layout_rooms, hex_tiny, nrook_loot_triangle,
          corexii_item_surrounded_by_moat, elyvilon_altar_1, uniq_pikel
D:6:      layout_basic, serial_shops, nicolae_shop_waterfront
D:7:      gammafunk_cloud_chamber, layout_basic, hangedman_misty_isle
D:8:      layout_loops_corners, lemuel_round_altar, grunt_dithmenos_smoke,
          hangedman_pestilent_swarm, jmf_multi_god_temple2
D:9:      layout_big_octagon, eat_drink_and_be_merry_uskayaw, lair_entry_dummy,
          erik_orc_4, serial_shops, shop, minmay_door_square
D:10:     layout_irregular_city, uniq_harold
D:11:     layout_roguey [special_room_orc], gauntlet_entry_generic,
          due_unseen_surprise
Lair:1:   layout_misc_corridors
Lair:2:   cheibrodos_lair_river_kwai, layout_cave_pods,
          elwin_shoals_entry_stream, minivault_29, lemuel_fruit_tree,
          grunt_megastairs_3, infiniplex_staircase_pool,
          minmay_lair_oklob_chamber
Lair:3:   layout_small_grid
Lair:4:   layout_roguey [special_room_bee], minmay_snake_entry_guardpost_small,
          serial_bayou_pond_b, serial_bayou_shore_a
Lair:5:   layout_cave_pods, chequers_serial_rivers_marsh, uniq_sonja
Abyss:1

Skill      XL: |  1  2  3  4  5  6  7  8  9 10 11 12 13 |
---------------+----------------------------------------+-----
Axes           | 4 5 6 7 8 9 11 12 14 16 17 | 17.2
Fighting       | 4 5 6 7 8 9 11 12 | 12.9
Armour         | 3 4 5 6 8 9 10 11 12 | 12.7
Dodging        | 3 4 5 6 7 8 9 11 | 11.8

Action                   |  1- 3 |  4- 6 |  7- 9 | 10-12 | 13-15 || total
-------------------------+-------+-------+-------+-------+-------++-------
Melee: Hand axe          |    70 |   138 |   227 |    90 |    11 ||   536
       Headbutt          |    10 |    24 |    50 |   122 |    46 ||   252
       Battleaxe         |       |       |       |   469 |   172 ||   641
Invok: Berserk           |       |     6 |     4 |    11 |     2 ||    23
       Trog's Hand       |       |       |     4 |     6 |     3 ||    13
Evoke: Wand              |       |       |       |       |     2 ||     2
  Use: Scroll            |       |     7 |     4 |    13 |       ||    24
       Potion            |       |       |     1 |     2 |       ||     3
  Eat: Chunk             |     1 |    12 |    11 |    43 |     7 ||    74
       Ration            |       |       |     2 |     3 |       ||     5
Armor: Animal skin       |     7 |     6 |       |       |       ||    13
       Scale mail        |       |    11 |       |       |       ||    11
       Chain mail        |       |     5 |    99 |    10 |       ||   114
       Plate armour      |       |       |       |   255 |    87 ||   342
Dodge: Dodged            |    39 |    91 |   142 |   412 |   185 ||   869

Table legend:
 A = Non-vault XP
 B = Vault XP
 C = Vault XP percentage of total XP
 D = Non-vault monster count
 E = Vault monster count
 F = Vault count percentage of total count
                 A         B        C        D         E       F
            +---------+---------+-------+---------+---------+-------
      Total |   27552 |   26960 |  49.5 |     274 |     176 |  39.1
            +---------+---------+-------+---------+---------+-------
        D:1 |      26 |       0 |   0.0 |      14 |       0 |   0.0
        D:2 |     102 |      41 |  28.7 |      19 |       3 |  13.6
        D:3 |      96 |       0 |   0.0 |      24 |       0 |   0.0
        D:4 |     333 |     461 |  58.1 |      24 |       3 |  11.1
        D:5 |     306 |     641 |  67.7 |      20 |       1 |   4.8
        D:6 |     710 |       0 |   0.0 |      15 |       0 |   0.0
        D:7 |     475 |    1586 |  77.0 |       7 |      11 |  61.1
        D:8 |    1330 |    2006 |  60.1 |      27 |      10 |  27.0
        D:9 |    2507 |     648 |  20.5 |      24 |      16 |  40.0
       D:10 |    2969 |    1034 |  25.8 |      31 |       1 |   3.1
       D:11 |     734 |     931 |  55.9 |      12 |      26 |  68.4
     Lair:1 |     942 |       0 |   0.0 |       5 |       0 |   0.0
     Lair:2 |    1980 |    9943 |  83.4 |      12 |      58 |  82.9
     Lair:3 |    2418 |       0 |   0.0 |       6 |       0 |   0.0
     Lair:4 |   12387 |    4122 |  25.0 |      32 |      33 |  50.8
     Lair:5 |     151 |       0 |   0.0 |       1 |       0 |   0.0
    Abyss:1 |      86 |       0 |   0.0 |       1 |       0 |   0.0
   Gauntlet |       0 |    5547 | 100.0 |       0 |      14 | 100.0
            +---------+---------+-------+---------+---------+-------
